 Dungeon Crawl Stone Soup version 0.31-a0-177-g4aa6249778 (webtiles) character file.

Game seed: 16348648139654890388

40 qw the Chopper (level 3, 0/23 HPs)
             Began as a Gargoyle Fighter on June 18, 2023.
             Slain by a giant cockroach (1 damage)
             ... on level 2 of the Dungeon.
             The game lasted 00:00:33 (943 turns).

qw the Chopper (Gargoyle Fighter)                    Turns: 943, Time: 00:00:33

Health: 0/23       AC: 14    Str: 21    XL:     3   Next: 50%
Magic:  3/3        EV:  5    Int:  8    God:
Gold:   95         SH:  4    Dex:  9    Spells: 2/2 levels left

rFire   . . .        Y - +0 war axe
rCold   . . .        c - +0 buckler
rNeg    + . .        i - +0 plate armour
rPois   inf          (no helmet)
rElec   +            (no cloak)
rCorr   .            (no gloves)
SInv    .            (no boots)
Will    .....        (no amulet) Stlth
                     (no ring)
HPRegen 0.23/turn    (no ring)
MPRegen 0.08/turn

%: no passive effects
@: no status effects
A: sickness immunity, AC +3, negative energy resistance 1, electricity
resistance, torment resistance 1, petrification resistance
a: no special abilities


You were on level 2 of the Dungeon.
You visited 1 branch of the dungeon, and saw 2 of its levels.

You collected 95 gold pieces.


Innate Abilities, Weirdness & Mutations

You are immune to sickness and miasma.
Your stone body is resilient. (AC +3)
You are immune to poison.
You resist negative energy. (rN+)
You are resistant to electric shocks. (rElec)
You are resistant to unholy torment.
You are immune to petrification.


   Skills:
 - Level 3.2 Fighting
 + Level 3.4 Axes
 - Level 3.2 Armour
 - Level 3.2 Shields


You had 2 spell levels left.
You didn't know any spells.
Your spell library was empty.

Inventory:

Hand Weapons
 h - a +0 whip
 Y - a +0 war axe (weapon)
Armour
 c - a +0 buckler (worn)
 i - a +0 plate armour (worn)
Potions
 a - 2 potions of attraction {unknown}
 d - a potion of might
 e - a potion of heal wounds {unknown}

Dungeon Overview and Level Annotations

Branches:
Dungeon (2/15)

Altars:


Message History

The giant cockroach bites you but does no damage.
The adder bites you but does no damage. You block the gnoll's attack.
The hobgoblin hits you but does no damage.
The gnoll hits you but does no damage. x2; The gnoll completely misses you.
You barely miss the gnoll.
The gnoll is severely wounded.
You closely miss the adder. You closely miss the gnoll. You slash the gnoll!
You hit the giant cockroach. You barely miss the hobgoblin.
The adder bites you but does no damage. The giant cockroach closely misses you.
The gnoll hits you with a +0 whip. You block the gnoll's attack.
The hobgoblin barely misses you. The gnoll hits you but does no damage.
The gnoll hits you with a +0 flail.
You completely miss the giant cockroach.
The giant cockroach is almost dead.
You hit the gnoll but do no damage. You completely miss the gnoll.
You slash the hobgoblin!
You kill the hobgoblin!
You closely miss the adder. You hit the gnoll. The adder completely misses you.
The giant cockroach bites you. The gnoll hits you but does no damage.
The gnoll barely misses you. You block the gnoll's attack.
The gnoll hits you but does no damage. The adder barely misses you.
The giant cockroach bites you but does no damage.
You slash the giant cockroach!
You kill the giant cockroach!
You closely miss the adder. You hit the gnoll but do no damage.
You closely miss the gnoll. You hit the gnoll but do no damage.
The adder bites you but does no damage. You block the gnoll's attack.
The gnoll hits you with a +0 whip. The gnoll barely misses you.
The gnoll hits you from afar with a +0 spear.
The adder bites you but does no damage.
The giant cockroach bites you but does no damage.
The gnoll hits you with a +0 whip. The gnoll barely misses you.
The gnoll hits you but does no damage. The gnoll hits you with a +0 flail.
You barely miss the gnoll.
The gnoll is severely wounded.
You barely miss the giant cockroach. You hit the adder. You hit the gnoll. x2
You kill the gnoll!
You block the adder's attack. The giant cockroach bites you.
You die...

.#. #.#.##...........#
...##.#.##.#%........#
#....................#
#.#...#...........####
................####
......#....####....#
.........######.##.#####
......%!......%........#
......S@g######.###....#
......g)B# #.###..###
.....g...# #.........
.........# ####......
.......... #......
........... #......
........$#. #..####
.........### #.....#
+......


You could see 3 gnolls, an adder and a giant cockroach.

Vanquished Creatures
  A gnoll (D:2)
  An adder (D:2)
  A dart slug (D:1)
  2 giant cockroaches
  3 goblins (D:1)
  3 hobgoblins
  3 quokkas
  2 ball pythons
  4 bats
  A frilled lizard (D:1)
  3 kobolds (D:1)
  6 rats
30 creatures vanquished.

Notes
Turn   | Place    | Note
-------+----------+-------------------------------------------
     0 | D:1      | qw the Gargoyle Fighter began the quest for the Orb.
     0 | D:1      | Reached XP level 1. HP: 14/14 MP: 1/1
     0 | D:1      | 0 ||| qw: Version: 0.3-a-5-g6f28e65
     0 | D:1      | 0 ||| qw: Game counter: 627
     0 | D:1      | 0 ||| qw: Always use a shield: true
     0 | D:1      | 0 ||| qw: God list: Okawaru
     0 | D:1      | 0 ||| qw: Allow faded altars: false
     0 | D:1      | 0 ||| qw: Do Orc after D:15 true
     0 | D:1      | 0 ||| qw: Do second Lair branch before Depths: true
     0 | D:1      | 0 ||| qw: Lair rune preference: random
     0 | D:1      | 0 ||| qw: Plans: Normal, Zot:1-4, Slime:5, God:TSO, Crypt,
                  | Tomb, Abyss, Pan, Hells, Win
     0 | D:1      | 0 ||| PLANNING D:1-11
    94 | D:1      | 94 ||| Stepping ~*~*~tactically~*~*~ (hiding).
    95 | D:1      | 95 ||| Stepping ~*~*~tactically~*~*~ (hiding).
   216 | D:1      | Reached XP level 2. HP: 19/19 MP: 2/2
   340 | D:1      | 340 ||| DROPPING +0 club.
   778 | D:1      | Reached skill level 3 in Axes
   781 | D:1      | 781 ||| UPGRADING to +0 plate armour.
   791 | D:1      | 791 ||| DROPPING +0 scale mail.
   792 | D:1      | 792 ||| READING scroll labelled OXZO FEIFU.
   793 | D:1      | 793 ||| READING scroll labelled QENLUTITYA.
   863 | D:2      | Reached XP level 3. HP: 23/23 MP: 3/3
   942 | D:2      | HP: 5/23 [gnoll/+0 spear (5)]
   942 | D:2      | HP: 1/23 [gnoll/+0 flail (2)]
   943 | D:2      | Slain by a giant cockroach

Levels and vault maps discovered:
D:1:      lordsloth_arrival_two_stooges, layout_basic
D:2:      layout_rooms, shapermc_ecumenical_altar_ellora, basic_altar

Skill      XL: |  1  2 |
---------------+-------+-----
Axes           | 2 3 |  3.4
Fighting       | |  3.2
Armour         | |  3.2
Shields        | |  3.2

Action                     || total
---------------------------++-------
  Melee: War axe           ||    97
    Use: Scroll            ||     2
 Armour: Scale mail        ||    26
         Plate armour      ||    51
  Dodge: Dodged            ||    40
  Block: Buckler           ||    24

Table legend:
 A = Non-vault XP
 B = Vault XP
 C = Vault XP percentage of total XP
 D = Non-vault monster count
 E = Vault monster count
 F = Vault count percentage of total count
                 A         B        C        D         E       F
            +---------+---------+-------+---------+---------+-------
      Total |      73 |       0 |   0.0 |      30 |       0 |   0.0
            +---------+---------+-------+---------+---------+-------
        D:1 |      30 |       0 |   0.0 |      18 |       0 |   0.0
        D:2 |      43 |       0 |   0.0 |      12 |       0 |   0.0
            +---------+---------+-------+---------+---------+-------
